 Dungeon Crawl Stone Soup version 0.19.0-2-gae57169 (webtiles) character file.

3225 GordonOverkill the Basher (level 9, -2/98 HPs)
             Began as an Ogre Hunter on Nov 3, 2016.
             Was a Follower of Trog.
             Slain by mamajk0's ghost (4 damage)
             ... in a bailey.
             The game lasted 00:25:25 (9498 turns).

GordonOverkill the Basher (Ogre Hunter)             Turns: 9498, Time: 00:25:26

Health: -2/98      AC:  5    Str: 24    XL:     9   Next: 98%
Magic:  9/9        EV: 15    Int: 10    God:    Trog [*.....]
Gold:   456        SH:  0    Dex: 18    Spells: 0 memorised, 8 levels left

rFire  . . .     SeeInvis .     n - +0 giant club
rCold  . . .     Gourm    .     b - +1 robe
rNeg   . . .     Faith    .     (shield currently unavailable)
rPois  .         Spirit   .     (helmet restricted)
rElec  .         Reflect  .     A - +0 cloak
rCorr  .         Harm     .     (gloves unavailable)
MR     .....                    (boots unavailable)
Stlth  +++.......               (no amulet)
                                (no ring)
                                (no ring)

@: mighty, agile
A: unfitting armour, tough skin 1
a: Berserk, Burn Spellbooks, Renounce Religion


You were in a bailey.
You worshipped Trog.
Trog was aware of your devotion.
You were not hungry.

You visited 2 branches of the dungeon, and saw 9 of its levels.
You also visited: Bailey.

You collected 456 gold pieces.

Inventory:

Hand Weapons
 n - a +0 giant club (weapon)
 u - a +2 flail of draining
 x - a +2 falchion of flaming
Missiles
 c - 4 large rocks (quivered)
 d - 2 throwing nets
 j - 179 stones
 w - 19 tomahawks of returning
 C - 28 sling bullets
 H - 4 tomahawks
Armour
 b - a +1 robe (worn)
 A - a +0 cloak (worn)
Wands
 g - a wand of polymorph (10/24)
 m - a wand of iceblast (6/15)
 t - a wand of digging (10/24)
Scrolls
 i - a scroll of magic mapping
 o - 2 scrolls of enchant weapon
 p - a scroll of fear
 I - a scroll of remove curse
Potions
 a - a potion of lignification
 k - 2 potions of curing
 q - 2 potions of brilliance
 s - a potion of agility
 B - a potion of magic {unknown}
 J - a potion of cancellation {unknown}
 K - a potion of resistance {unknown}
Comestibles
 f - 5 bread rations
 l - 2 meat rations
 z - 2 chunks of flesh
 D - 4 beef jerkies


   Skills:
 + Level 9.3 Fighting
 * Level 12.1 Maces & Flails
 + Level 8.1 Throwing
 - Level 1.7 Dodging
 - Level 0.6 Stealth


You had 8 spell levels left.
You didn't know any spells.

Dungeon Overview and Level Annotations

Branches:
Dungeon (8/15)             Temple (1/1) D:7
   Lair: D:8-11

Altars:
Ashenzari
Cheibriados
Dithmenos
Elyvilon
Fedhas
Gozag
Hepliaklqana
Kikubaaqudgha
Makhleb
Nemelex Xobeh
Okawaru
Qazlal
Ru
Sif Muna
Trog
Uskayaw
Vehumet
Xom
Yredelemnul
Zin
The Shining One

Annotations:
D:7 Tyryt0's ghost, novice OpFi Bailey Quirk's ghost, journeyman MiFi; mamajk0's ghost, novice MiGl


Innate Abilities, Weirdness & Mutations

You are too large for most types of armour.
You have tough skin. (AC +1)


Message History

Mamajk0's ghost hits you but does no damage.
You barely miss mamajk0's ghost.
Mamajk0's ghost is moderately damaged.
Mamajk0's ghost hits you!
* * * LOW HITPOINT WARNING * * *
You barely miss mamajk0's ghost.
Mamajk0's ghost is moderately damaged.
Mamajk0's ghost hits you.
* * * LOW HITPOINT WARNING * * *
You barely miss mamajk0's ghost.
Mamajk0's ghost is moderately damaged.
Mamajk0's ghost misses you.
You closely miss mamajk0's ghost.
Mamajk0's ghost is moderately damaged.
Mamajk0's ghost hits you.
* * * LOW HITPOINT WARNING * * *
You bludgeon mamajk0's ghost!!
Mamajk0's ghost is severely damaged.
Mamajk0's ghost hits you.
You die...

'.# #. #
#'##'##'
#.....#
###.....##
#.'..⌠g.'
#.g.gg#
#...gg##
#'##'##W##
#g# # ##@#
### ####
#+#
##.###)#
.# #.
##'##'##
##'##'#
.....##
.....#
.....###
.....##
..W..'.#
W.⌠..'.
.÷...###
.....#
÷...g##
##(....#


You could see mamajk0's ghost, 3 gnolls and 3 hobgoblins.

Vanquished Creatures
  Eustachio (D:5)
  4 yaks (D:8)
  2 orc warriors (D:6)
  An ice beast (D:5)
  2 phantoms
  2 ogres
  5 bullfrogs (D:6)
  4 wights (D:7)
  3 howler monkeys
  6 crimson imps
  2 jellies
  5 orc priests
  A hound (D:5)
  12 orc wizards
  Ijyb (D:3)
  3 iguanas
  5 worker ants
  6 gnolls (Bailey)
  A worker ant zombie (D:5)
  6 adders
  2 adder skeletons
  An adder zombie (D:5)
  3 worms (D:3)
  2 leopard geckos
  37 orcs
  7 giant cockroaches
  12 goblins
  16 hobgoblins
  13 jackals
  10 kobolds
  4 quokkas
  6 frilled lizards
  A jackal skeleton (D:7)
  A jackal zombie (D:7)
  A quokka skeleton (D:6)
  7 rats
195 creatures vanquished.

Notes
Turn   | Place    | Note
-------+----------+-------------------------------------------
     0 | D:1      | GordonOverkill the Ogre Hunter began the quest for the Orb.
     0 | D:1      | Reached XP level 1. HP: 22/22 MP: 1/1
   166 | D:1      | Reached XP level 2. HP: 31/31 MP: 2/2
   646 | D:2      | Reached skill level 1 in Maces & Flails
   646 | D:2      | Reached XP level 3. HP: 37/37 MP: 3/3
  1272 | D:3      | Reached skill level 2 in Maces & Flails
  1274 | D:3      | Found an iron altar of Okawaru.
  1468 | D:3      | Reached XP level 4. HP: 43/48 MP: 4/4
  1514 | D:3      | Reached skill level 3 in Maces & Flails
  1532 | D:2      | HP: 3/72 [jackal (1)]
  1907 | D:3      | Reached XP level 5. HP: 38/55 MP: 5/5
  2048 | D:3      | Noticed Ijyb
  2073 | D:3      | Killed Ijyb
  2131 | D:3      | Reached skill level 4 in Maces & Flails
  2391 | D:3      | Reached skill level 5 in Throwing
  2666 | D:3      | Reached XP level 6. HP: 65/65 MP: 6/6
  2676 | D:3      | Reached skill level 5 in Fighting
  2686 | D:3      | Reached skill level 5 in Maces & Flails
  3759 | D:4      | Reached skill level 6 in Maces & Flails
  3759 | D:4      | Reached XP level 7. HP: 72/72 MP: 7/7
  4441 | D:5      | Entered Level 5 of the Dungeon
  4633 | D:5      | Reached skill level 7 in Maces & Flails
  4770 | D:5      | Reached XP level 8. HP: 57/84 MP: 8/8
  5168 | D:5      | Reached skill level 8 in Maces & Flails
  5919 | D:6      | Reached skill level 9 in Maces & Flails
  6520 | D:6      | Reached XP level 9. HP: 87/96 MP: 9/9
  6570 | D:6      | Reached skill level 10 in Maces & Flails
  6786 | D:5      | Noticed Eustachio
  6804 | D:5      | Killed Eustachio
  7463 | D:7      | Reached skill level 11 in Maces & Flails
  7798 | D:7      | Found a staircase to the Ecumenical Temple.
  7880 | D:7      | Noticed Tyryt0's ghost (novice OpFi)
  8315 | Temple   | Entered the Ecumenical Temple
  8518 | Temple   | Became a worshipper of Trog the Wrathful
  9087 | D:8      | Noticed a red ugly thing
  9129 | D:8      | Found a flagged portal.
  9150 | D:8      | Reached skill level 12 in Maces & Flails
  9159 | Bailey   | Entered a bailey
  9412 | Bailey   | Noticed Quirk's ghost (journeyman MiFi)
  9465 | Bailey   | Noticed mamajk0's ghost (novice MiGl)
  9465 | Bailey   | Reached * piety under Trog
  9497 | Bailey   | HP: 2/98 [mamajk0's ghost (5)]
  9498 | Bailey   | Slain by mamajk0's ghost

Skill      XL: |  1  2  3  4  5  6  7  8  9 |
---------------+----------------------------+-----
Fighting       | 3 4 5 6 7 9 |  9.3
Maces & Flails | 1 2 3 4 6 7 9 12 | 12.1
Throwing       | 5 6 7 8 |  8.1
Dodging        | |  1.7
Stealth        | |  0.6

Action                   |  1- 3 |  4- 6 |  7- 9 || total
-------------------------+-------+-------+-------++-------
Melee: Short sword       |    19 |       |       ||    19
       Flail             |    28 |    87 |       ||   115
       Whip              |    19 |       |       ||    19
       Giant club        |       |    12 |   351 ||   363
Throw: Stone             |    90 |    70 |       ||   160
       Large rock        |     1 |     1 |    11 ||    13
       Tomahawk          |       |    28 |    74 ||   102
Invok: Burn Spellbooks   |       |       |     2 ||     2
  Use: Potion            |       |     5 |    11 ||    16
       Scroll            |       |     6 |    12 ||    18
 Stab: Sleeping          |       |       |     4 ||     4
  Eat: Chunk             |     2 |     5 |    12 ||    19
       Beef jerky        |       |     2 |       ||     2
       Fruit             |       |       |     3 ||     3
       Pizza             |       |       |     2 ||     2
Armor: Robe              |    23 |    14 |   102 ||   139
       Skin              |       |    11 |       ||    11
Dodge: Dodged            |    42 |    62 |   204 ||   308
